 Seeded DCSS version 0.30-a0-719-gcc4359ea44 (webtiles) character file.

Game seed: 5430720872467839093 (custom seed)

130 OTABOTABOTAB the Caller (level 5, 31/31 HPs)
             Began as an Octopode Summoner on Jan 26, 2023.
             Quit the game on level 2 of the Dungeon.
             The game lasted 00:05:13 (2517 turns).

OTABOTABOTAB the Caller (Octopode Summoner)         Turns: 2517, Time: 00:05:14

Health: 31/31      AC:  1    Str: 13    XL:     5   Next: 14%
Magic:  10/10      EV: 13    Int: 20    God:
Gold:   1772       SH:  0    Dex: 12    Spells: 8/11 levels left

rFire   . . .      SeeInvis .    a - +0 dagger
rCold   + . .      Faith    .    (no shield)
rNeg    + . .      Spirit   .    (helmet restricted)
rPois   .          Reflect  .    (no amulet)
rElec   .          Harm     .    k - +6 ring of strength
rCorr   .          Rampage  .    C - ring of protection from cold {rC+, !d}
Will    .....                    p - ring of Pakhloek {rN+ Slay+3}
Stlth   +++                      (no ring)
HPRegen 0.25/turn                (no ring)
MPRegen 0.12/turn                (no ring)
                                 (no ring)
                                 (no ring)

@: no status effects
A: almost no armour, amphibious, 8 rings, camouflage 1, gelatinous body 1,
(nimble swimmer 1), tentacles
a: no special abilities


You were on level 2 of the Dungeon.
You visited 1 branch of the dungeon, and saw 2 of its levels.

You collected 1772 gold pieces.

Inventory:

Hand Weapons
 a - a +0 dagger (weapon)
   (You took it off a kobold on level 1 of the Dungeon)
Missiles
 s - 17 stones (quivered)
Jewellery
 k - a +6 ring of strength (left tentacle)
   (You found it on level 1 of the Dungeon)
 p - the ring of Pakhloek (on tentacle) {rN+ Slay+3}
   (You acquired it on level 2 of the Dungeon)

   [ring of positive energy]

   Slay:      It affects your accuracy & damage with ranged weapons and melee
   (+3).
   rN:        It protects you from negative energy.
 C - a ring of protection from cold (right tentacle) {rC+, !d}
   (You found it on level 2 of the Dungeon)
Scrolls
 b - a scroll of brand weapon {unknown}
 d - a scroll of teleportation {unknown}
 f - 3 scrolls of amnesia {unknown}
 h - a scroll of noise {unknown}
 i - a scroll of identify {unknown}
 j - a scroll of torment {unknown}
 m - a scroll of fog {unknown}
 n - a scroll of enchant armour {unknown}
 o - a scroll of immolation {unknown}
Potions
 c - a potion of mutation {unknown}
 e - a potion of attraction {unknown}
 g - 2 potions of curing {unknown}
 M - a potion of magic


   Skills:
 - Level 2.0 Dodging
 - Level 2.6 Stealth
 + Level 3.6 Spellcasting
 + Level 5.2 Summonings


You had 8 spell levels left.
You knew the following spells:

 Your Spells              Type           Power      Damage    Failure   Level
a - Summon Small Mammal   Summ           96%        N/A       1%          1
c - Call Imp              Summ           24%        N/A       2%          2

Your spell library contained the following spells:

 Spells                   Type           Power      Damage    Failure   Level
 Call Canine Familiar     Summ           24%        N/A       4%          3
 Apportation              Tloc           6%         N/A       14%         1
 Summon Guardian Golem    Hex/Summ       14%        N/A       14%         3
 Portal Projectile        Hex/Tloc       6%         N/A       38%         3
 Vhi's Electric Charge    Tloc/Air       6%         N/A       38%         3
 Summon Lightning Spire   Summ/Air       14%        N/A       41%         4
 Leda's Liquefaction      Hex/Erth       1%         N/A       80%         4
 Statue Form              Tmut/Erth      2%         N/A       100%        6


Dungeon Overview and Level Annotations

Branches:
Dungeon (2/15)

Altars:

Shops:
D:2 ?


Innate Abilities, Weirdness & Mutations

You cannot wear most types of armour.
You are amphibious.
You can wear up to eight rings at the same time.
Your skin changes colour to match your surroundings (Stealth+).
Your rubbery body absorbs attacks. (AC +1, EV +1)
((You are camouflaged when in or above water. (Stealth+)))
You have tentacles for arms and can constrict up to eight enemies at once.


Message History

Your shadow imp barely misses the bat.
You take 1 damage, and have 30/31 hp.
The bat misses you. The bat hits you but does no damage.
The bat barely misses your quokka.
Your quokka bites the bat but does no damage.
The bat closely misses your quokka. The bat hits your quokka.
The bat barely misses your quokka.
Your quokka bites the bat.
The bat misses your quokka.
Your shadow imp completely misses the bat.
Your quokka closely misses the bat.
Health restored: 31 The bat hits your quokka but does no damage.
The bat completely misses your quokka. x2; Your quokka barely misses the bat.
Your shadow imp hits the bat.
The bat dies!
Your quokka disappears in a puff of smoke!
Your shadow imp disappears in a puff of smoke!
Your quokka disappears in a puff of smoke!
Found a stone staircase leading down.
MP restored: 10
Found a stone staircase leading down.
s - 17 stones (gained 7)
o - a scroll labelled ULOOHASMUSE
Found a stone staircase leading down.
l - 4 scrolls labelled ICHANW HIUVOTE (gained 1)
An endoplasm comes into view.
An endoplasm is nearby!
A beastly little devil appears in a puff of flame.
You now have 8/10 mp.
You now have 7/10 mp.
You now have 6/10 mp.
Your quokka bites the endoplasm.
The endoplasm barely misses your quokka.
Your quokka bites the endoplasm.
Your crimson imp blinks!
The endoplasm hits your quokka.
Your quokka bites the endoplasm.
The endoplasm dies!
You swap places.
Your quokka disappears in a puff of smoke!
Your quokka disappears in a puff of smoke!
There is a stone staircase leading up here.
Things that are here:
a +0 flail; a gnoll skeleton Your crimson imp disappears in a puff of smoke!
An adder comes into view.
MP restored: 10 An adder is nearby!
A beastly little devil appears in a puff of flame.
The adder hisses angrily.
You now have 8/10 mp.
You now have 7/10 mp.
You now have 6/10 mp.
You swap places.
Your quokka barely misses the adder.
The adder barely misses your quokka.
Your quokka bites the adder but does no damage.
The adder completely misses your quokka.
Your crimson imp misses the adder.
The adder barely misses your quokka.
Your quokka misses the adder.
Your crimson imp hits the adder.
Your quokka misses the adder. The adder bites your quokka.
Your quokka bites the adder.
Your quokka barely misses the adder.
The adder bites your quokka but does no damage.
Your quokka misses the adder.
Your crimson imp closely misses the adder.
The adder closely misses your quokka.
Your quokka misses the adder.
Your quokka barely misses the adder.
Your crimson imp completely misses the adder.
The adder closely misses your quokka.
Your quokka barely misses the adder.
Your quokka misses the adder.
Your crimson imp misses the adder.
The adder bites your quokka but does no damage.
Your quokka closely misses the adder.
Your quokka bites the adder.
The adder bites your quokka.
Your quokka is poisoned.
The adder poisons your quokka!
Your crimson imp hits the adder.
The adder dies!
Unknown command.
Your quokka dies!
Your quokka's corpse disappears in a puff of smoke!
Your crimson imp disappears in a puff of smoke!
You see here an adder corpse.
Your quokka disappears in a puff of smoke!
There is a stone staircase leading down here.
Done exploring.
MP restored: 10 Done exploring.
Done exploring.
This is a scroll of acquirement!
Something appears before you!
p - the ring of Pakhloek {rN+ Slay+3}
p - the ring of Pakhloek (on tentacle) {rN+ Slay+3} You see here the Secrets of Instinct.
Something appears before you!
You pick up the Secrets of Instinct and begin reading...
You add the spells Apportation, Portal Projectile, Vhi's Electric Charge, Leda's Liquefaction and Statue Form to your library.
Something appears before you!
You now have enough gold to buy a scroll of blinking on this level.
You now have 930 gold pieces (gained 861).
Something appears before you!
You now have 1772 gold pieces (gained 842).
Okay, then.
Okay, then.

##...#.....##........
###.##.#####..#..###
#.##.#####.##..#
#.##.......##..###
#>#####...........
#.# ##.......... #.#
##.#.#...... #.#
#........... #@#
#.........##
#.#####.......#.#
#.............#.#
#######.....).#.#
#.......#.#
#...###.#.##
#.......#...
##..........
##.########


There were no monsters in sight!

Vanquished Creatures
  An endoplasm (D:1)
  A hobgoblin (D:1)
  A jackal (D:1)
  2 kobolds (D:1)
5 creatures vanquished.

Vanquished Creatures (collateral kills)
  A necrophage (D:2)
  3 gnolls (D:2)
  An adder (D:2)
  2 ball pythons (D:1)
  3 bats
  4 endoplasms
  A hobgoblin (D:2)
  3 jackals (D:1)
  2 quokkas (D:1)
  A frilled lizard (D:2)
  4 goblins
  3 kobolds
  A rat (D:1)
29 creatures vanquished.

Grand Total: 34 creatures vanquished

Notes
Turn   | Place    | Note
-------+----------+-------------------------------------------
     0 | D:1      | OTABOTABOTAB the Octopode Summoner began the quest for the
                  | Orb.
     0 | D:1      | Reached XP level 1. HP: 11/11 MP: 3/3
   246 | D:1      | Reached XP level 2. HP: 17/17 MP: 3/5
   249 | D:1      | Learned a level 2 spell: Call Imp
  1191 | D:1      | Reached XP level 3. HP: 21/21 MP: 1/6
  1681 | D:2      | Found Doddoiw's Magic Scroll Shoppe.
  1783 | D:2      | Noticed a necrophage
  1796 | D:2      | Killed a necrophage
  1797 | D:2      | Reached skill level 3 in Spellcasting
  1797 | D:2      | Reached XP level 4. HP: 24/27 MP: 4/8
  1931 | D:2      | Reached skill level 5 in Summonings
  2028 | D:2      | Reached XP level 5. HP: 31/31 MP: 6/10
  2508 | D:2      | Identified 4 scrolls of acquirement
  2508 | D:2      | Acquired the ring of Pakhloek {rN+ Slay+3}
  2511 | D:2      | Acquired the Secrets of Instinct
  2513 | D:2      | Acquired 861 gold pieces
  2515 | D:2      | Acquired 842 gold pieces
  2517 | D:2      | Quit the game

Illustrated notes

Levels and vault maps discovered:
D:1:      dpeg_arrival_boxes_within_box, layout_basic
D:2:      layout_loops_ring, serial_shops, shop, nicolae_kite_square_tiling_tiny

Skill      XL: |  1  2  3  4 |
---------------+-------------+-----
Spellcasting   | 3 |  3.6
Summonings     | 5 |  5.2
Dodging        | |  2.0
Stealth        | |  2.6

Action                     |  1- 3 |  4- 6 || total
---------------------------+-------+-------++-------
  Melee: Tentacles         |     4 |       ||     4
         Unarmed           |     2 |       ||     2
         Dagger            |     6 |       ||     6
         Constrict         |     2 |       ||     2
  Throw: Stone             |     1 |     1 ||     2
   Cast: Summon Small Mamm |    38 |    16 ||    54
         Call Imp          |    12 |     8 ||    20
    Use: Scroll            |       |     4 ||     4
 Armour: Skin              |     1 |     1 ||     2
  Dodge: Dodged            |    10 |     4 ||    14

Table legend: (Time is in decaauts)
 A = Elapsed time spent in this place.
 B = Non-inter-level travel time spent in this place.
 C = Inter-level travel time spent in this place.
 D = Time resting spent in this place.
 E = Time spent auto-exploring this place.
 F = Levels seen in this place.
 G = Mean time per level.
                   A        B        C        D        E       F      G
               +--------+--------+--------+--------+--------+-----+--------+
         Total |   2515 |   2436 |     79 |      0 |   2067 |   2 | 1257.5 |
       Dungeon |   2515 |   2436 |     79 |      0 |   2067 |   2 | 1257.5 |
               +--------+--------+--------+--------+--------+-----+--------+

Top non-repeatable levels by time:
     D:1: 1536 daAuts
     D:2: 978 daAuts

Table legend:
 A = Kills in this place as a percentage of kills in entire the game.
 B = Kills by you in this place as a percentage of kills by you in the entire game.
 C = Kills by friends in this place as a percentage of kills by friends in the entire game.
 D = Other kills in this place as a percentage of other kills in the entire game.
 E = Experience gained in this place as a percentage of experience gained in the entire game.
 F = Experience gained in this place divided by the number of levels of this place that you have seen.
                   A       B       C       D       E      F
               +-------+-------+-------+-------+-------+----------------------
         Total | 100.0 | 100.0 | 100.0 |   N/A | 100.0 |  93.5
       Dungeon | 100.0 | 100.0 | 100.0 |   N/A | 100.0 |  93.5
               +-------+-------+-------+-------+-------+----------------------
